cohdb
Replays
Latest Replays
All Replays
Popular Replays
Top Player Replays
Match Explorer
How It Works
Community
CoH3 Stats
Reddit
Sign in to upload your games and track your stats! →
Sign in with Steam
Match 43553679
Unlisted
Match 43553679
Overview
Messages
Build Orders
End
Pioneer Squad
Construct Infanterie Kompanie
Selects Mechanized Battlegroup
Grenadier Squad
MG 42 Machine Gun Team
Grenadier Squad
Medical Bunker
Construct Luftwaffe Kompanie
Support Elements
Selects Spotting Scopes
Selects Raid Package
Flak 30 Anti-aircraft Gun Team
Wirbelwind Flakpanzer
Luftwaffe Officer Quarters
Jäger Squad
Selects Spotting Scopes
Wirbelwind Flakpanzer
Side Skirts
Selects 8 Rad Armored Car
8 Rad Armored Car
Construct Panzergrenadier Kompanie
MeGBill
(CB7) (DU)(7-4-7)(B0iz)
RunningWithFate
Onoyk
0
0
Comments
sign in to comment!
No comments posted yet!